 Dungeon Crawl Stone Soup version 0.28-a0-779-g3d1f99b579 (webtiles) character file.

Game seed: 11097134279189149263

3113 ytrimaz the Reanimator (level 9, -1/57 HPs)
             Began as a Demonspawn Necromancer on Nov 2, 2021.
             Was a Follower of Yredelemnul.
             Slain by Erica (3 damage)
             ... on level 8 of the Dungeon.
             The game lasted 00:15:45 (11647 turns).

ytrimaz the Reanimator (Demonspawn Necromancer)    Turns: 11647, Time: 00:15:46

Health: -1/57      AC: 10    Str:  8    XL:     9   Next: 60%
Magic:  12/20      EV: 12    Int: 21    God:    Yredelemnul [*.....]
Gold:   374        SH:  0    Dex: 13    Spells: 6/23 levels left

rFire   . . .      SeeInvis .   g - +0 hand axe (vorpal)
rCold   . . .      Faith    .   (no shield)
rNeg    + . .      Spirit   .   a - +0 robe
rPois   .          Reflect  .   (no helmet)
rElec   .          Harm     .   j - scarf {shadows}
rCorr   .          Rampage  .   n - +0 pair of gloves
Will    .....                   b - +0 pair of boots
Stlth   +.........              (no amulet)
HPRegen 0.19/turn               d - ring of positive energy
MPRegen 0.17/turn               (no ring)

@: confused, lethally poisoned (-1 -> -11), sanguine armoured
A: powered by death 1, spiny 2, sanguine armour 1, weakness stinger 2
a: Renounce Religion, Animate Remains


You were on level 8 of the Dungeon.
You worshipped Yredelemnul.
Yredelemnul was aware of your devotion.
You visited 2 branches of the dungeon, and saw 9 of its levels.

You collected 374 gold pieces.

Inventory:

Hand Weapons
 g - a +0 vorpal hand axe (weapon)
Armour
 a - a +0 robe (worn)
 b - a +0 pair of boots (worn)
 j - a scarf of shadows (worn)
 n - a +0 pair of gloves (worn)
Jewellery
 d - a ring of positive energy (left hand)
 e - an amulet of guardian spirit
Wands
 f - a wand of charming (23)
 l - a wand of flame (13)
Scrolls
 o - 3 scrolls of brand weapon {unknown}
 p - a scroll of blinking {unknown}
 s - 2 scrolls of identify
 t - a scroll of enchant armour {unknown}
 u - a scroll of teleportation
Potions
 c - 2 potions of attraction
 h - 2 potions of heal wounds
 i - 5 potions of curing
 k - 2 potions of haste
 m - a potion of brilliance
 q - a potion of invisibility {unknown}
 r - a potion of mutation {unknown}


   Skills:
 - Level 1.7 Dodging
 - Level 1.7 Stealth
 + Level 7.8 Spellcasting
 * Level 4.2 Conjurations
 + Level 9.7 Necromancy
 * Level 2.5 Ice Magic
 * Level 6.0 Invocations


You had 6 spell levels left.
You knew the following spells:

 Your Spells              Type           Power      Damage    Failure   Level
a - Pain                  Necr           100%       1d9       1%          1
b - Vampiric Draining     Necr           49%        2d9       1%          3
c - Dispel Undead         Necr           49%        3d18      1%          4
d - Stone Arrow           Conj/Erth      34%        3d9       10%         3
e - Simulacrum            Ice/Necr       17%        N/A       69%         6

Your spell library contained the following spells:

 Spells                   Type           Power      Damage    Failure   Level
 Animate Skeleton         Necr           98%        N/A       1%          1
 Magic Dart               Conj           100%       1d8       1%          1
 Corpse Rot               Necr/Air       56%        N/A       1%          2
 Animate Dead             Necr           24%        N/A       1%          4
 Searing Ray              Conj           52%        2d6       2%          2
 Agony                    Necr           49%        N/A       4%          5
 Sandblast                Erth           16%        2d6       9%          1
 Passwall                 Tmut/Erth      6%         N/A       12%         2
 Hailstorm                Conj/Ice       22%        3d7       21%         4
 Death Channel            Necr           24%        N/A       22%         6
 Fulminant Prism          Conj/Hex       8%         3d7       32%         4
 Ice Form                 Ice/Tmut       13%        N/A       43%         4


Dungeon Overview and Level Annotations

Branches:
Dungeon (8/15)             Temple (1/1) D:4
   Lair: D:8-11

Altars:
Ashenzari
Cheibriados
Dithmenos
Elyvilon
Fedhas
Hepliaklqana
Makhleb
Nemelex Xobeh
Qazlal
Sif Muna
Trog
Uskayaw
Wu Jian
Xom
Yredelemnul
Zin
The Shining One

Shops:
D:1 =

Annotations:
D:2 Sigmund
D:7 3 runed translucent doors, FludoriRambler's ghost, novice BaIE
D:8 Erica


Innate Abilities, Weirdness & Mutations

You regenerate a little health from kills.
You are mostly covered in sharp spines.
When seriously injured, your bleeding wounds create armour. (AC +6)
You have a tail ending in a sharp stinger.


Message History

Confirm with . or Enter, or press ? or * to list all spells.
Aiming: Vampiric Draining (safe; 1% risk of failure)
Press: ? - help, Shift-Dir - straight line, f/p - Erica
Aim: Erica, wielding a +2 scimitar of flaming and wearing a +0 robe (lightly wounded)
You draw life force from Erica!
You feel life coursing into your body.
Erica mumbles some strange words.
Erica flickers and vanishes!
Deactivating autopickup; reactivate with Ctrl-A.
Unknown command.
Casting: Vampiric Draining (safe; 1% risk of failure)
Confirm with . or Enter, or press ? or * to list all spells.
Aiming: Vampiric Draining (safe; 1% risk of failure)
Press: ? - help, Shift-Dir - straight line, f - ice beast
Aim: an ice beast You draw life force from the ice beast!
The ice beast hits you but does no damage.
You hear some strange, mumbled words.
A bolt of poison appears from out of thin air!
The bolt of poison hits you!!
You are poisoned.
Your blood congeals into armour.
Casting: Vampiric Draining (safe; 1% risk of failure)
Confirm with . or Enter, or press ? or * to list all spells.
You don't know that spell.
You feel very sick. The ice beast is struck by your spines.
The ice beast hits you but does no damage.
You hear some strange, mumbled words.
You are confused.
In your confused state, you trip and fall back down the stairs.
You feel very sick. The ice beast hits you. The ice beast freezes you!
* * * LOW HITPOINT WARNING * * *
The centaur zombie is struck by your spines.
The centaur zombie hits you but does no damage.
The centaur zombie closely misses you. Something hits you!
* * * LOW HITPOINT WARNING * * *
Something burns you.
You die...
Your body rises from the dead as a mindless zombie.

##......$
###........
##..........
#...........
##...........
......{......
#@Y.....
##Z.....
...... ^.....
...... #.....
.....


You could see an ice beast and a centaur zombie.

Vanquished Creatures
  Pikel (D:5)
  Grinder (D:6)
  2 wyverns
  A shadow (D:5)
  A steam dragon (D:6)
  2 water moccasins
  2 necrophages (D:6)
  3 ogres
  A kobold brigand (D:7)
  2 bullfrogs
  4 scorpions
  A water moccasin skeleton (D:4)
  2 centaur zombies (D:7)
  A gnoll shaman (D:5)
  A hound (D:5)
  A jelly (D:5)
  A centaur skeleton (D:5)
  A bullfrog skeleton (D:6)
  2 iguanas
  Robin (D:4)
  7 gnolls
  6 adders
  A howler monkey skeleton (D:5)
  A white imp (D:5)
  2 ufetubi
  An adder skeleton (D:4)
  A worm (D:7)
  2 dart slugs
  5 orcs
  6 endoplasms
  3 giant cockroaches
  23 goblins
  11 hobgoblins
  18 jackals
  7 kobolds
  2 quokkas
  4 ball pythons
  5 bats
  2 frilled lizards
  9 rats
147 creatures vanquished.

Vanquished Creatures (collateral kills)
  Eustachio (D:4)
  A sky beast (D:6)
  A jelly (D:6)
3 creatures vanquished.

Vanquished Creatures (others)
  A bullfrog zombie (D:5)
  3 goblin skeletons (D:5)
  A scorpion zombie (D:6)
5 creatures vanquished.

Grand Total: 155 creatures vanquished

Notes
Turn   | Place    | Note
-------+----------+-------------------------------------------
     0 | D:1      | ytrimaz the Demonspawn Necromancer began the quest for the
                  | Orb.
     0 | D:1      | Reached XP level 1. HP: 13/13 MP: 3/3
    43 | D:1      | Found Tulah's Jewellery Emporium.
   526 | D:1      | Gained mutation: You have a small tail. [demonic ancestry]
   526 | D:1      | Reached XP level 2. HP: 17/19 MP: 1/5
   895 | D:1      | Reached skill level 5 in Necromancy
  1693 | D:2      | Noticed Sigmund
  2005 | D:2      | Reached XP level 3. HP: 15/24 MP: 0/6
  2009 | D:2      | Learned a level 3 spell: Vampiric Draining
  2209 | D:2      | Noticed an ogre
  2443 | D:2      | HP: 1/24 [kobold (1)]
  3646 | D:3      | Gained mutation: You are partially covered in sharp spines.
                  | [demonic ancestry]
  3646 | D:3      | Reached XP level 4. HP: 25/30 MP: 2/8
  4473 | D:4      | Noticed Eustachio
  4486 | D:4      | Killed Eustachio
  4487 | D:4      | Reached skill level 6 in Necromancy
  4487 | D:4      | Gained mutation: You regenerate a little health from kills.
                  | [demonic ancestry]
  4487 | D:4      | Reached XP level 5. HP: 24/35 MP: 0/11
  4680 | D:4      | Learned a level 4 spell: Dispel Undead
  4711 | D:4      | Gained mutation: When seriously injured, your bleeding
                  | wounds create armour. (AC +6) [demonic ancestry]
  4711 | D:4      | Reached XP level 6. HP: 41/41 MP: 8/12
  4863 | D:4      | Found a staircase to the Ecumenical Temple.
  5010 | Temple   | Entered the Ecumenical Temple
  5303 | Temple   | Became a worshipper of Yredelemnul the Dark
  5570 | D:4      | Reached skill level 1 in Invocations
  5860 | D:4      | Reached skill level 7 in Necromancy
  5997 | D:4      | Noticed Robin
  6012 | D:4      | Killed Robin
  6256 | D:4      | Reached * piety under Yredelemnul
  6445 | D:5      | Entered Level 5 of the Dungeon
  6448 | D:5      | Noticed a water moccasin
  6453 | D:5      | Killed a water moccasin
  6454 | D:5      | Gained mutation: You are mostly covered in sharp spines.
                  | [demonic ancestry]
  6454 | D:5      | Reached XP level 7. HP: 46/46 MP: 7/14
  6514 | D:5      | Reached skill level 5 in Spellcasting
  6613 | D:5      | Learned a level 3 spell: Stone Arrow
  6797 | D:5      | Noticed a shadow
  6806 | D:5      | Killed a shadow
  6807 | D:5      | Reached skill level 1 in Conjurations
  7462 | D:5      | Reached skill level 8 in Necromancy
  7465 | D:5      | Gained mutation: You have a tail ending in a sharp stinger.
                  | [demonic ancestry]
  7465 | D:5      | Reached XP level 8. HP: 27/52 MP: 5/16
  8219 | D:5      | Noticed Pikel
  8228 | D:5      | Killed Pikel
  8433 | D:5      | Found a shadowy altar of Dithmenos.
  8436 | D:5      | Found a radiant altar of Vehumet.
  8436 | D:5      | Found a shimmering altar of Xom.
  8439 | D:5      | Found a broken altar of Ashenzari.
  8439 | D:5      | Found a bloodstained altar of Trog.
  8439 | D:5      | Found a radiant altar of Vehumet.
  8602 | D:5      | Learned a level 6 spell: Simulacrum
  9411 | D:6      | Reached skill level 9 in Necromancy
  9411 | D:6      | Reached skill level 1 in Ice Magic
  9411 | D:6      | Reached skill level 5 in Invocations
  9522 | D:6      | Reached XP level 9. HP: 51/57 MP: 13/19
  9719 | D:6      | Noticed Grinder
  9733 | D:6      | Killed Grinder
 10590 | D:7      | Found a snail-covered altar of Cheibriados.
 11258 | D:7      | Found a runed translucent gate.
 11259 | D:7      | Found a runed translucent gate.
 11260 | D:7      | Found a runed translucent gate.
 11261 | D:7      | Noticed FludoriRambler's ghost (novice BaIE)
 11450 | D:7      | Noticed an angel
 11640 | D:8      | Noticed Erica
 11647 | D:8      | HP: 2/57 [something (13)]
 11647 | D:8      | Slain by Erica

Illustrated notes

Levels and vault maps discovered:
D:1:      dpeg_arrival_pond, layout_loops_cross, serial_shops, shop
D:2:      layout_basic, chequers_ecumenical_altar_grove, uniq_sigmund
D:3:      layout_loops_ring, minmay_unequal
D:4:      kennysheep_goblin_castle, layout_loops_cross,
          minmay_temple_entry_hall, corexii_checkpoint_a,
          corexii_leaking_fountain, uniq_eustachio
D:5:      layout_loops_cross, doesnt_xom_only_xom, minmay_ogre_servants,
          uniq_pikel
D:6:      layout_cave_pods, uniq_grinder
D:7:      layout_loops_ring, elyvilon_altar_4, zin_angel, slow_altar_1,
          biasface_ghost_orc_armoury, minmay_misc_feat_cross
D:8:      layout_layer_cave, chequers_temple_overflow_minitemple,
          enter_ossuary_2, uniq_erica
Temple:   oiseaux_autumnal_temple

Skill      XL: |  1  2  3  4  5  6  7  8  9 |
---------------+----------------------------+-----
Necromancy     | 5 6 7 8 9 |  9.7
Spellcasting   | 3 4 5 6 7 |  7.8
Invocations    | 2 3 5 6 |  6.0
Conjurations   | 1 3 4 |  4.2
Ice Magic      | 1 2 |  2.5
Dodging        | |  1.7
Stealth        | |  1.7

Action                   |  1- 3 |  4- 6 |  7- 9 || total
-------------------------+-------+-------+-------++-------
Melee: Unarmed           |    17 |       |       ||    17
       Hand axe          |       |    20 |    27 ||    47
       Tailslap          |       |     2 |     2 ||     4
 Cast: Pain              |    92 |    77 |    79 ||   248
       Vampiric Draining |     3 |     4 |    28 ||    35
       Dispel Undead     |       |     2 |     8 ||    10
       Stone Arrow       |       |       |     8 ||     8
Invok: Animate Remains   |       |       |    19 ||    19
Evoke: Wand              |       |     1 |     2 ||     3
  Use: Scroll            |     3 |     5 |     1 ||     9
 Stab: Sleeping          |       |       |     3 ||     3
Armor: Robe              |    16 |    14 |    25 ||    55
Dodge: Dodged            |    58 |    34 |    75 ||   167

Table legend: (Time is in decaauts)
 A = Elapsed time spent in this place.
 B = Non-inter-level travel time spent in this place.
 C = Inter-level travel time spent in this place.
 D = Time resting spent in this place.
 E = Time spent auto-exploring this place.
 F = Levels seen in this place.
 G = Mean time per level.
                   A        B        C        D        E       F      G
               +--------+--------+--------+--------+--------+-----+--------+
         Total |  11682 |  11272 |    410 |   3100 |   6672 |   9 | 1298.0 |
       Dungeon |  11353 |  11004 |    349 |   3100 |   6427 |   8 | 1419.1 |
        Temple |    329 |    268 |     61 |      0 |    244 |   1 |  329.0 |
               +--------+--------+--------+--------+--------+-----+--------+

Top non-repeatable levels by time:
     D:4: 2108 daAuts
     D:5: 1931 daAuts
     D:1: 1882 daAuts
     D:3: 1675 daAuts
     D:6: 1521 daAuts
     D:7: 1165 daAuts
     D:2: 1062 daAuts
  Temple: 329 daAuts
     D:8: 6 daAuts
